 Dungeon Crawl Stone Soup version 0.22-a0-159-g7ce444f (webtiles) character file.

8834 Azzok the Blocker (level 11, -1/89 HPs)
             Began as a Gnoll Fighter on Feb 9, 2018.
             Was an Elder of Okawaru.
             Slain by Snorg (5 damage)
             ... on level 10 of the Dungeon.
             The game lasted 00:22:30 (9436 turns).

Azzok the Blocker (Gnoll Fighter)                   Turns: 9436, Time: 00:22:30

Health: -1/89      AC: 22    Str: 21      XL:     11   Next: 37%
Magic:  20/20      EV: 10    Int: 14      God:    Okawaru [****..]
Gold:   605        SH:  0    Dex: 17 (18) Spells: 22/22 levels left

rFire    . . .     SeeInvis +   N - +5 scythe "Finisher" {speed, Str+3}
rCold    + . .     Gourm    .   (shield currently unavailable)
rNeg     . . .     Faith    .   P - +0 plate armour of Veipp {SInv} (curse)
rPois    .         Spirit   .   B - +1 hat
rElec    .         Reflect  .   A - +0 cloak
rCorr    .         Harm     .   g - +2 pair of gloves
MR       .....                  y - +1 pair of boots
Stlth    ..........             r - amulet of regeneration
HPRegen  0.64/turn              k - ring of protection from cold
MPRegen  0.17/turn              s - +3 ring of dexterity

@: about to teleport
A: distributed training, fangs 1, strong nose
a: Heroism, Renounce Religion


You were on level 10 of the Dungeon.
You worshipped Okawaru.
Okawaru was greatly pleased with you.
You were not hungry.

You visited 2 branches of the dungeon, and saw 11 of its levels.

You collected 605 gold pieces.

Inventory:

Hand Weapons
 a - a +0 long sword
 b - a +0 short sword of venom
 C - the cursed +1 dagger of Prudence {pierce, Str-2 Int+4 Dex+4}
   (You found it on level 4 of the Dungeon)

   It inflicts extra damage upon your enemies.
   It affects your strength (-2).
   It affects your intelligence (+4).
   It affects your dexterity (+4).
   It has a curse placed upon it.
 D - a +1 flail of crushing
 N - the +5 scythe "Finisher" (weapon) {speed, Str+3}
   (You found it on level 7 of the Dungeon)

   Attacks with this weapon are significantly faster.
   It affects your strength (+3).
Missiles
 e - 274 arrows
Armour
 g - a +2 pair of gloves (worn)
 v - a +2 buckler
 y - a +1 pair of boots (worn)
 A - a +0 cloak (worn)
 B - a +1 hat (worn)
 P - the cursed +0 plate armour of Veipp (worn) {SInv}
   (You found it on level 8 of the Dungeon)

   It lets you see invisible.
   It has a curse placed upon it.
Jewellery
 k - a ring of protection from cold (left hand)
 r - an amulet of regeneration (around neck)
 s - a +3 ring of dexterity (right hand)
 K - an uncursed ring of flight
Wands
 d - a wand of digging (31)
 u - a wand of iceblast (7)
 E - a wand of acid (13)
 L - a wand of polymorph (17)
 Q - a wand of paralysis (9)
Scrolls
 h - 2 scrolls of identify
 i - 2 scrolls of blinking
 l - 3 scrolls of teleportation
 m - 4 scrolls of enchant weapon
 n - a scroll of fear
 x - 2 scrolls of magic mapping
 F - 2 scrolls of fog
 G - a scroll of brand weapon {unknown}
 H - 2 scrolls of amnesia
 M - a scroll of enchant armour {unknown}
 O - a scroll of remove curse
Potions
 j - 4 potions of curing
 o - 2 potions of heal wounds {unknown}
 p - 2 potions of magic {unknown}
 q - 2 potions of mutation {unknown}
 w - a potion of agility {unknown}
 z - a potion of cancellation {unknown}
 I - a potion of haste
 J - 3 potions of degeneration {unknown}
 R - a potion of might
Books
 t - a book of Minor Magic

   Spells                             Type                      Level
   a - Magic Dart                     Conjuration                  1
   b - Blink                          Translocation                2
   c - Call Imp                       Summoning                    2
   d - Slow                           Hexes                        2
   e - Conjure Flame                  Conjuration/Fire             3
   f - Mephitic Cloud                 Conjuration/Poison/Air       3
Comestibles
 c - 4 chunks of flesh
 f - 20 rations


   Skills:
 + Level 9.1 Fighting
 + Level 6.1 Short Blades
 + Level 7.7 Long Blades
 + Level 6.1 Axes
 + Level 6.1 Maces & Flails
 + Level 6.1 Polearms
 + Level 6.1 Staves
 + Level 6.1 Slings
 + Level 6.1 Bows
 + Level 6.1 Crossbows
 + Level 6.1 Throwing
 + Level 9.1 Armour
 + Level 6.1 Dodging
 + Level 6.1 Stealth
 + Level 9.1 Shields
 + Level 6.1 Unarmed Combat
 + Level 6.1 Spellcasting
 + Level 5.0 Conjurations
 + Level 5.0 Hexes
 + Level 5.0 Charms
 + Level 5.0 Summonings
 + Level 5.0 Necromancy
 + Level 5.0 Translocations
 + Level 5.0 Transmutations
 + Level 5.0 Fire Magic
 + Level 5.0 Ice Magic
 + Level 5.0 Air Magic
 + Level 5.0 Earth Magic
 + Level 5.0 Poison Magic
 + Level 6.7 Invocations
 + Level 6.1 Evocations


You had 22 spell levels left.
You didn't know any spells.

Dungeon Overview and Level Annotations

Branches:
Dungeon (10/15)            Temple (1/1) D:6            Lair (0/6) D:9
    Orc (0/2) D:10

Altars:
Elyvilon
Gozag
Hepliaklqana
Makhleb
Nemelex Xobeh
Okawaru
Ru
Sif Muna
Uskayaw
Xom
The Shining One
Beogh

Shops:
D:4 :   D:9 (

Annotations:
D:9 1 runed door, 1 exclusion
D:10 Snorg


Innate Abilities, Weirdness & Mutations

Your experience applies equally to all skills.
You have very sharp teeth.
Your uncanny sense of smell can sniff out nearby items.


Message History

Snorg bites you but does no damage. Snorg claws you. Snorg closely misses you.
You barely miss Snorg. Snorg bites you. Snorg claws you but does no damage. x2
Snorg goes berserk!
Snorg rages.
Snorg closely misses you. Snorg misses you. Snorg claws you. Snorg bites you!
Snorg claws you but does no damage. Snorg closely misses you.
Snorg rages.
Snorg closely misses you. Snorg barely misses you. Snorg claws you!
Snorg bites you! Snorg claws you! Snorg claws you but does no damage.
As you read the scroll of teleportation, it crumbles to dust.
You feel strangely unstable. Snorg bites you.
Snorg claws you but does no damage. x2
Snorg bites you but does no damage. Snorg barely misses you. Snorg claws you!
* * * LOW HITPOINT WARNING * * *
Snorg bites you!
* * * LOW HITPOINT WARNING * * *
Snorg claws you!
* * * LOW HITPOINT WARNING * * *
Snorg claws you.
You die...

··········8·····▒· ▒··▒▒
··········▒·····▒· ▒▒▒▒▒▒▒▒▒···▒
··········▒▒▒▒▒▒▒· ············▒
··········▒······· ············▒
········▒'▒······· ············▒
········▒·········
············▒▒▒▒▒▒▒▒▒▒▒▒·······▒▒
················)··············▒·
············O·OT@···▒▒▒▒▒▒▒▒···▒·
····················▒ ▒···▒·
·······▒▒▒'▒▒·······▒ ▒···▒·
·······▒····▒·······▒ ▒···▒·
·······▒····▒·······▒ ▒···▒·
·······▒····▒·······▒▒▒▒▒▒▒▒···▒'
·······▒▒▒'▒▒····················
········ ························
▒······▒ ▒▒▒▒▒▒········†·········


You could see Snorg (berserk), a two-headed ogre and an ogre.

Vanquished Creatures
  The ghost of dududu the Poker, a novice BaSk of Hepliaklqana (D:6)
  A kobold demonologist (D:9)
  A merfolk (D:9)
  The ghost of anet the Covered, an amateur BaMo (D:3)
  A hippogriff (D:8)
  11 yaks
  4 wraiths (D:7)
  3 sky beasts
  7 orc warriors
  2 ice beasts
  A necrophage (D:8)
  A black bear (D:9)
  A phantom (D:5)
  4 ogres
  7 centaurs
  A crocodile (D:9)
  11 bullfrogs
  A gnoll sergeant (D:3)
  2 scorpions
  A wight (D:6)
  A howler monkey (D:4)
  7 crimson imps
  2 quasits (D:10)
  A bullfrog zombie (D:10)
  8 orc priests
  6 hounds
  A centaur zombie (D:10)
  2 bullfrog skeletons
  5 orc wizards
  3 gnoll shamans
  An iguana (D:8)
  7 worker ants
  3 hound skeletons
  A hound zombie (D:8)
  A howler monkey zombie (D:9)
  10 adders
  49 gnolls
  3 shadow imps
  2 oozes
  An adder zombie (D:5)
  A worm (D:3)
  A dart slug (D:4)
  3 leopard geckos
  38 orcs
  3 giant cockroaches
  9 goblins
  4 hobgoblins
  18 jackals
  2 quokkas
  7 bats
  3 frilled lizards
  A jackal zombie (D:5)
  11 kobolds
  8 rats
  A bush (D:1)
286 creatures vanquished.

Vanquished Creatures (others)
  An orc wizard (D:10)
  2 fungi (D:9)
3 creatures vanquished.

Grand Total: 289 creatures vanquished

Notes
Turn   | Place    | Note
-------+----------+-------------------------------------------
     0 | D:1      | Azzok the Gnoll Fighter began the quest for the Orb.
     0 | D:1      | Reached XP level 1. HP: 23/23 MP: 1/1
    56 | D:1      | Reached XP level 2. HP: 27/29 MP: 2/2
   607 | D:1      | Reached XP level 3. HP: 35/35 MP: 3/3
   865 | D:2      | Reached skill level 1 in Invocations
  1198 | D:2      | Reached skill level 1 in Short Blades
  1198 | D:2      | Reached skill level 1 in Axes
  1198 | D:2      | Reached skill level 1 in Maces & Flails
  1198 | D:2      | Reached skill level 1 in Polearms
  1198 | D:2      | Reached skill level 1 in Staves
  1198 | D:2      | Reached skill level 1 in Slings
  1198 | D:2      | Reached skill level 1 in Bows
  1198 | D:2      | Reached skill level 1 in Crossbows
  1198 | D:2      | Reached skill level 1 in Throwing
  1198 | D:2      | Reached skill level 1 in Dodging
  1198 | D:2      | Reached skill level 1 in Stealth
  1198 | D:2      | Reached skill level 1 in Unarmed Combat
  1198 | D:2      | Reached skill level 1 in Spellcasting
  1198 | D:2      | Reached skill level 1 in Evocations
  1235 | D:2      | Reached XP level 4. HP: 38/41 MP: 5/5
  1838 | D:3      | Noticed anet's ghost (amateur BaMo)
  1876 | D:3      | Killed anet's ghost
  1876 | D:3      | Reached skill level 1 in Conjurations
  1876 | D:3      | Reached skill level 1 in Hexes
  1876 | D:3      | Reached skill level 1 in Charms
  1876 | D:3      | Reached skill level 1 in Summonings
  1876 | D:3      | Reached skill level 1 in Necromancy
  1876 | D:3      | Reached skill level 1 in Translocations
  1876 | D:3      | Reached skill level 1 in Transmutations
  1876 | D:3      | Reached skill level 1 in Fire Magic
  1876 | D:3      | Reached skill level 1 in Ice Magic
  1876 | D:3      | Reached skill level 1 in Air Magic
  1876 | D:3      | Reached skill level 1 in Earth Magic
  1876 | D:3      | Reached skill level 1 in Poison Magic
  1876 | D:3      | Reached XP level 5. HP: 27/47 MP: 5/7
  1876 | D:3      | Reached XP level 6. HP: 30/53 MP: 5/8
  2097 | D:3      | Reached skill level 5 in Long Blades
  2201 | D:3      | Reached XP level 7. HP: 55/59 MP: 10/10
  3226 | D:3      | Reached XP level 8. HP: 28/67 MP: 12/12
  3522 | D:4      | Found Zeqero's Book Shop.
  3729 | D:4      | Got a translucent dagger
  3730 | D:4      | Identified the cursed +1 dagger of Prudence {pierce, Str-2 Int+4 Dex+4} (You found it on level 4 of the Dungeon)
  3994 | D:5      | Entered Level 5 of the Dungeon
  5053 | D:6      | Noticed dududu's ghost (novice BaSk)
  5071 | D:6      | Killed dududu's ghost
  5071 | D:6      | Reached XP level 9. HP: 72/73 MP: 13/15
  5304 | D:6      | Found a staircase to the Ecumenical Temple.
  5312 | Temple   | Entered the Ecumenical Temple
  5322 | Temple   | Became a worshipper of Warmaster Okawaru
  6038 | D:7      | Reached * piety under Okawaru
  6038 | D:7      | Reached skill level 5 in Invocations
  6058 | D:7      | Found the +5 scythe "Finisher" {speed, Str+3}
  6084 | D:7      | Reached XP level 10. HP: 79/80 MP: 15/17
  6602 | D:8      | Found a burning altar of Makhleb.
  6647 | D:8      | Reached ** piety under Okawaru
  6647 | D:8      | Reached skill level 5 in Short Blades
  6647 | D:8      | Reached skill level 5 in Axes
  6647 | D:8      | Reached skill level 5 in Maces & Flails
  6647 | D:8      | Reached skill level 5 in Polearms
  6647 | D:8      | Reached skill level 5 in Staves
  6647 | D:8      | Reached skill level 5 in Slings
  6647 | D:8      | Reached skill level 5 in Bows
  6647 | D:8      | Reached skill level 5 in Crossbows
  6647 | D:8      | Reached skill level 5 in Throwing
  6647 | D:8      | Reached skill level 5 in Dodging
  6647 | D:8      | Reached skill level 5 in Stealth
  6647 | D:8      | Reached skill level 5 in Unarmed Combat
  6647 | D:8      | Reached skill level 5 in Spellcasting
  6647 | D:8      | Reached skill level 5 in Evocations
  6796 | D:8      | Got a faintly glowing plate armour
  6797 | D:8      | Identified the cursed +0 plate armour of Veipp {SInv} (You found it on level 8 of the Dungeon)
  7326 | D:9      | Found a staircase to the Lair.
  7492 | D:9      | Found a runed door.
  7497 | D:9      | Noticed a kobold demonologist
  7558 | D:9      | Killed a kobold demonologist
  7558 | D:9      | Reached *** piety under Okawaru
  7728 | D:9      | Found a shimmering altar of Xom.
  7851 | D:9      | Found Patumaele's Weapon Shoppe.
  7999 | D:9      | Found a runed door.
  8260 | D:10     | Entered Level 10 of the Dungeon
  8292 | D:10     | Reached XP level 11. HP: 85/87 MP: 19/19
  8698 | D:10     | Paralysed by an orc for 4 turns
  8896 | D:10     | Found a roughly hewn altar of Beogh.
  8896 | D:10     | Found a staircase to the Orcish Mines.
  9124 | D:10     | Reached **** piety under Okawaru
  9124 | D:10     | Received a gift from Okawaru
  9124 | D:10     | Reached skill level 5 in Conjurations
  9124 | D:10     | Reached skill level 5 in Hexes
  9124 | D:10     | Reached skill level 5 in Charms
  9124 | D:10     | Reached skill level 5 in Summonings
  9124 | D:10     | Reached skill level 5 in Necromancy
  9124 | D:10     | Reached skill level 5 in Translocations
  9124 | D:10     | Reached skill level 5 in Transmutations
  9124 | D:10     | Reached skill level 5 in Fire Magic
  9124 | D:10     | Reached skill level 5 in Ice Magic
  9124 | D:10     | Reached skill level 5 in Air Magic
  9124 | D:10     | Reached skill level 5 in Earth Magic
  9124 | D:10     | Reached skill level 5 in Poison Magic
  9418 | D:10     | Noticed Snorg
  9421 | D:10     | Noticed a two-headed ogre
  9436 | D:10     | HP: 4/89 [Snorg (14)]
  9436 | D:10     | Slain by Snorg

Vault maps used:
D:1:      dpeg_arrival_refuge, kennysheep_pointless_box, lexackson_kobold_supper
D:3:      lemuel_castle_with_subvaults
D:4:      serial_shops, shop
D:5:      first_ration
D:6:      cheibrodos_barr_body, temple_green
D:7:      minmay_guarded_unrand_finisher
D:8:      makhleb_blood_cavern_becter
D:9:      cheibrodos_histonic, grunt_lair_entry_orc_guard_hut, serial_shops,
          nicolae_shop_crystal, basic_altar, hangedman_fish_farm, minivault_21
D:10:     david_orc_5, hex_large, uniq_snorg
Temple:   nicolae_temple_the_god_donut

Skill      XL: |  1  2  3  4  5  6  7  8  9 10 11 |
---------------+----------------------------------+-----
Invocations    | 1 2 3 4 5 6 |  6.7
Short Blades   | 1 2 4 5 6 |  6.1
Axes           | 1 2 4 5 6 |  6.1
Maces & Flails | 1 2 4 5 6 |  6.1
Polearms       | 1 2 4 5 6 |  6.1
Staves         | 1 2 4 5 6 |  6.1
Slings         | 1 2 4 5 6 |  6.1
Bows           | 1 2 4 5 6 |  6.1
Crossbows      | 1 2 4 5 6 |  6.1
Throwing       | 1 2 4 5 6 |  6.1
Dodging        | 1 2 4 5 6 |  6.1
Stealth        | 1 2 4 5 6 |  6.1
Unarmed Combat | 1 2 4 5 6 |  6.1
Spellcasting   | 1 2 4 5 6 |  6.1
Evocations     | 1 2 4 5 6 |  6.1
Conjurations   | 1 2 3 4 5 |  5.0
Hexes          | 1 2 3 4 5 |  5.0
Charms         | 1 2 3 4 5 |  5.0
Summonings     | 1 2 3 4 5 |  5.0
Necromancy     | 1 2 3 4 5 |  5.0
Translocations | 1 2 3 4 5 |  5.0
Transmutations | 1 2 3 4 5 |  5.0
Fire Magic     | 1 2 3 4 5 |  5.0
Ice Magic      | 1 2 3 4 5 |  5.0
Air Magic      | 1 2 3 4 5 |  5.0
Earth Magic    | 1 2 3 4 5 |  5.0
Poison Magic   | 1 2 3 4 5 |  5.0
Long Blades    | 5 6 7 |  7.7
Fighting       | 7 8 9 |  9.1
Armour         | 7 8 9 |  9.1
Shields        | 7 8 9 |  9.1

Action                   |  1- 3 |  4- 6 |  7- 9 | 10-12 || total
-------------------------+-------+-------+-------+-------++-------
Melee: Long sword        |   145 |    96 |   420 |       ||   661
       Bite              |    27 |    19 |    62 |    40 ||   148
       Short sword       |       |    27 |    17 |       ||    44
       Flail             |       |       |   135 |       ||   135
       Scythe            |       |       |       |   427 ||   427
Invok: Heroism           |       |       |       |     2 ||     2
  Use: Potion            |       |     1 |     2 |       ||     3
       Scroll            |       |       |    11 |     3 ||    14
 Stab: Distracted        |       |       |       |     1 ||     1
  Eat: Chunk             |     1 |     3 |    14 |    12 ||    30
Armor: Scale mail        |    32 |       |       |       ||    32
       Chain mail        |    14 |    77 |   251 |    51 ||   393
       Plate armour      |       |       |       |   216 ||   216
Dodge: Dodged            |    31 |    42 |   190 |   208 ||   471
Block: Shield            |    74 |    86 |   118 |       ||   278
       Buckler           |       |       |   183 |       ||   183
       Rpst.: Long sword |    10 |     4 |    33 |       ||    47

Table legend:
 A = Spawn XP
 B = Non-spawn XP
 C = Spawn XP percentage of total XP
 D = Spawn monster count
 E = Non-spawn monster count
 F = Spawn count percentage of total count
 G = Total turns spent on level
                    A         B        C        D         E        F      G
               +---------+---------+-------+---------+---------+-------+---------
         Total |       0 |   12620 |   0.0 |       0 |     285 |   0.0 |  9436
               +---------+---------+-------+---------+---------+-------+---------
           D:1 |       0 |      38 |   0.0 |       0 |      22 |   0.0 |   722
           D:2 |       0 |      63 |   0.0 |       0 |      21 |   0.0 |   987
           D:3 |       0 |    1148 |   0.0 |       0 |      71 |   0.0 |  1692
           D:4 |       0 |     104 |   0.0 |       0 |       6 |   0.0 |   593
           D:5 |       0 |     544 |   0.0 |       0 |      13 |   0.0 |   565
           D:6 |       0 |    1410 |   0.0 |       0 |      21 |   0.0 |  1025
           D:7 |       0 |    1717 |   0.0 |       0 |      25 |   0.0 |   825
           D:8 |       0 |    1979 |   0.0 |       0 |      20 |   0.0 |   770
           D:9 |       0 |    2197 |   0.0 |       0 |      25 |   0.0 |  1060
          D:10 |       0 |    3420 |   0.0 |       0 |      61 |   0.0 |  1176
               +---------+---------+-------+---------+---------+-------+---------
